 Dungeon Crawl Stone Soup version 0.28.0-62-gf88900778d (webtiles) character file.

Game seed: 2670121585021253813

1388877 AarnesTheHuman the Conqueror (level 27, 228/245 HPs)
             Began as a Hill Orc Fighter on Feb 20, 2023.
             Was the Champion of the Shining One.
             Escaped with the Orb
             ... and 3 runes on Feb 22, 2023!
             The game lasted 04:12:35 (107526 turns).

AarnesTheHuman the Conqueror (Hill Orc Fighter)   Turns: 107526, Time: 04:12:35

Health: 228/245    AC: 38    Str: 28    XL:     27
Magic:  49/49      EV: 11    Int: 11    God:    the Shining One [******]
Gold:   3778       SH: 28    Dex: 10    Spells: 26/26 levels left

rFire   + + .      SeeInvis .   a - +9 broad axe (vorpal)
rCold   + + +      Faith    .   n - +0 tower shield of Privacy {Rampage Str+2 Int-3}
rNeg    + + +      Spirit   .   P - +6 gold dragon scales
rPois   +          Reflect  +   V - +4 hat "Nystri" {rElec Will+ Int+3 Slay+3}
rElec   +          Harm     .   k - scarf {repulsion}
rCorr   +          Rampage  +   X - +1 pair of gloves
Will    ++++.                   m - +0 pair of boots "Teebb" {rN+}
Stlth   ..........              w - amulet of Autumn {Reflect rF+ rC+ rCorr SH+5}
HPRegen 0.50/turn               u - ring of willpower
MPRegen 0.31/turn               q - ring of Doubt {rC+ rCorr MP+9 Str-3 Int+3}

@: glowing, studying 2 skills, repel missiles
A: clumsy 1, frail 1, weak 1
0: Orb of Zot
}: 3/15 runes: decaying, silver, gossamer
a: Renounce Religion, Divine Shield, Cleansing Flame, Summon Divine Warrior


You escaped.
You worshipped the Shining One.
The Shining One was exalted by your worship.
You visited 9 branches of the dungeon, and saw 48 of its levels.
You also visited: Trove, Bailey and Ice Cave.

You collected 7965 gold pieces.
You spent 4187 gold pieces at shops.

Inventory:

Hand Weapons
 a - a +9 vorpal broad axe (weapon)
 b - the +7 hunting sling "Orb Guardian's Bane" {flame, rF+++ rCorr MP+9 Dex-3}
   (You found it on level 14 of the Dungeon)

   Any ammunition fired from it burns those it strikes, dealing additional fire
   damage.
   Dex:       It affects your dexterity (-3).
   rF:        It renders you almost immune to fire.
   MP:        It affects your magic capacity (+9).
   rCorr:     It protects you from acid and corrosion.
 y - the +5 fustibalus "Kass" {flame, rN+}
   (You found it on level 2 of the Depths)

   Any ammunition fired from it burns those it strikes, dealing additional fire
   damage.
   rN:        It protects you from negative energy.
 A - a +4 broad axe of holy wrath
Missiles
 j - 45 poisoned darts (quivered)
 L - 23 curare-tipped darts
 Q - 55 sling bullets
 Y - 3 throwing nets
Armour
 k - a scarf of repulsion (worn)
 m - the +0 pair of boots "Teebb" (worn) {rN+}
   (You found it on level 4 of the Spider Nest)

   rN:        It protects you from negative energy.
 n - the +0 tower shield of Privacy (worn) {Rampage Str+2 Int-3}
   (You took it off Louise on level 1 of the Swamp)

   Str:       It affects your strength (+2).
   Int:       It affects your intelligence (-3).
   Rampage:   It bestows one free step when moving towards enemies.
 P - +6 gold dragon scales (worn)
 V - the +4 hat "Nystri" (worn) {rElec Will+ Int+3 Slay+3}
   (You acquired it in a bailey)

   Int:       It affects your intelligence (+3).
   Slay:      It affects your accuracy & damage with ranged weapons and melee
   (+3).
   rElec:     It insulates you from electricity.
   Will:      It increases your willpower.
 X - a +1 pair of gloves (worn)
Jewellery
 c - a ring of protection from fire
 q - the ring of Doubt (right hand) {rC+ rCorr MP+9 Str-3 Int+3}
   (You found it on level 6 of the Lair of Beasts)

   [ring of magical power]

   Str:       It affects your strength (-3).
   Int:       It affects your intelligence (+3).
   rC:        It protects you from cold.
   MP:        It affects your magic capacity (+9).
   rCorr:     It protects you from acid and corrosion.
 s - a ring of flight
 u - a ring of willpower (left hand)
 w - the amulet of Autumn (around neck) {Reflect rF+ rC+ rCorr SH+5}
   (You took it off a yaktaur captain on level 5 of the Vaults)

   [amulet of reflection]

   It reflects blocked missile attacks.
   rF:        It protects you from fire.
   rC:        It protects you from cold.
   rCorr:     It protects you from acid and corrosion.
   SH:        It affects your SH (+5).
Wands
 d - a wand of flame (23)
 x - a wand of iceblast (36)
 z - a wand of polymorph (7)
 F - a wand of paralysis (19)
 J - a wand of acid (21)
 S - a wand of digging (11)
Scrolls
 g - 2 scrolls of magic mapping
 h - 12 scrolls of teleportation
 t - 4 scrolls of silence
 B - a scroll of brand weapon
 D - 8 scrolls of vulnerability
 E - 3 scrolls of holy word
 M - 8 scrolls of fog
 N - 5 scrolls of blinking
 O - 5 scrolls of summoning
 R - 7 scrolls of fear
Potions
 e - 8 potions of mutation
 f - 9 potions of magic
 i - 3 potions of ambrosia
 l - 8 potions of haste
 o - a potion of attraction
 p - 12 potions of brilliance
 r - 17 potions of heal wounds
 v - 24 potions of curing
 C - 15 potions of might
 G - 10 potions of lignification
 H - 6 potions of flight
 K - 4 potions of berserk rage
 U - 5 potions of resistance
 W - 2 potions of cancellation
Miscellaneous
 T - a lightning rod (4/4)
 Z - a tin of tremorstones (2/2)


   Skills:
 O Level 27 Fighting
 - Level 19.8(20.0) Axes
 - Level 3.2(11.5) Maces & Flails
 - Level 14.0 Slings
 + Level 21.9 Armour
 + Level 14.9 Dodging
 + Level 25.7 Shields
 - Level 26.0 Invocations


You had 26 spell levels left.
You didn't know any spells.
Your spell library contained the following spells:

 Spells                   Type           Power      Damage    Failure   Level
 Animate Skeleton         Necr           0%         N/A       98%         1
 Apportation              Tloc           0%         N/A       98%         1
 Beastly Appendage        Tmut           0%         N/A       98%         1
 Foxfire                  Conj/Fire      0%         2x1d4     98%         1
 Magic Dart               Conj           0%         1d3       98%         1
 Pain                     Necr           0%         1d4       98%         1
 Sandblast                Erth           0%         2d4       98%         1
 Shock                    Conj/Air       0%         1d3       98%         1
 Slow                     Hex            0%         N/A       98%         1
 Blink                    Tloc           0%         N/A       99%         2
 Call Imp                 Summ           0%         N/A       99%         2
 Corpse Rot               Necr/Air       0%         N/A       99%         2
 Ensorcelled Hibernation  Hex/Ice        0%         N/A       99%         2
 Passwall                 Tmut/Erth      0%         N/A       99%         2
 Scorch                   Fire           0%         2d5       99%         2
 Static Discharge         Conj/Air       0%         N/A       99%         2
 Sublimation of Blood     Necr           0%         N/A       99%         2
 Wereblood                Tmut           0%         N/A       99%         2
 Confusing Touch          Hex            0%         N/A       100%        3
 Conjure Flame            Conj/Fire      0%         6-21      100%        3
 Dazzling Flash           Conj/Hex       0%         N/A       100%        3
 Frozen Ramparts          Ice            0%         1d2       100%        3
 Ignite Poison            Fire/Tmut/Pois 0%         N/A       100%        3
 Inner Flame              Hex/Fire       0%         N/A       100%        3
 Lesser Beckoning         Tloc           0%         N/A       100%        3
 Mephitic Cloud           Conj/Pois/Air  0%         N/A       100%        3
 Ozocubu's Armour         Ice            0%         N/A       100%        3
 Portal Projectile        Hex/Tloc       0%         N/A       100%        3
 Spider Form              Tmut/Pois      0%         N/A       100%        3
 Stone Arrow              Conj/Erth      0%         3d7       100%        3
 Swiftness                Air            0%         N/A       100%        3
 Tukima's Dance           Hex            0%         N/A       100%        3
 Vampiric Draining        Necr           0%         2d6       100%        3
 Airstrike                Air            0%         N/A       100%        4
 Anguish                  Hex/Necr       0%         N/A       100%        4
 Animate Armour           Summ/Erth      0%         N/A       100%        4
 Animate Dead             Necr           0%         N/A       100%        4
 Cause Fear               Hex            0%         N/A       100%        4
 Dispel Undead            Necr           0%         3d6       100%        4
 Flame Wave               Conj/Fire      0%         2d4       100%        4
 Hailstorm                Conj/Ice       0%         3d3       100%        4
 Ice Form                 Ice/Tmut       0%         N/A       100%        4
 Iskenderun's Mystic Bla  Conj/Tloc      0%         2d3       100%        4
 Leda's Liquefaction      Hex/Erth       0%         N/A       100%        4
 Passage of Golubria      Tloc           0%         N/A       100%        4
 Petrify                  Tmut/Erth      0%         N/A       100%        4
 Sticky Flame             Conj/Fire      0%         2d3       100%        4
 Summon Ice Beast         Ice/Summ       0%         N/A       100%        4
 Summon Lightning Spire   Summ/Air       0%         N/A       100%        4
 Agony                    Necr           0%         N/A       100%        5
 Alistair's Intoxication  Tmut/Pois      0%         N/A       100%        5
 Blade Hands              Tmut           0%         N/A       100%        5
 Borgnjor's Vile Clutch   Necr/Erth      0%         N/A       100%        5
 Excruciating Wounds      Necr           0%         N/A       100%        5
 Fireball                 Conj/Fire      0%         3d3       100%        5
 Irradiate                Conj/Tmut      0%         3d13      100%        5
 Iskenderun's Battlesphe  Conj           0%         2d6       100%        5
 Lightning Bolt           Conj/Air       0%         1d11      100%        5
 Manifold Assault         Tloc           0%         N/A       100%        5
 Metabolic Englaciation   Hex/Ice        0%         N/A       100%        5
 Silence                  Hex/Air        0%         N/A       100%        5
 Summon Forest            Summ/Tloc      0%         N/A       100%        5
 Summon Mana Viper        Hex/Summ       0%         N/A       100%        5
 Yara's Violent Unravell  Hex/Tmut       0%         3d3       100%        5
 Conjure Ball Lightning   Conj/Air       0%         3x3d6     100%        6
 Death Channel            Necr           0%         N/A       100%        6
 Eringya's Noxious Bog    Tmut/Pois      0%         N/A       100%        6
 Iron Shot                Conj/Erth      0%         9d1       100%        6
 Simulacrum               Ice/Necr       0%         N/A       100%        6
 Starburst                Conj/Fire      0%         6d3       100%        6
 Statue Form              Tmut/Erth      0%         N/A       100%        6
 Summon Cactus Giant      Summ           0%         N/A       100%        6
 Dragon Form              Tmut           0%         N/A       100%        7
 Haunt                    Necr/Summ      0%         N/A       100%        7
 Malign Gateway           Summ/Tloc      0%         N/A       100%        7
 Spellforged Servitor     Conj/Summ      0%         N/A       100%        7
 Storm Form               Tmut/Air       0%         N/A       100%        7
 Summon Hydra             Summ           0%         N/A       100%        7
 Borgnjor's Revivificati  Necr           0%         N/A       100%        8
 Discord                  Hex            0%         N/A       100%        8
 Disjunction              Tloc           0%         N/A       100%        8
 Ignition                 Fire           0%         3d3       100%        8
 Infestation              Necr           0%         N/A       100%        8
 Lehudib's Crystal Spear  Conj/Erth      0%         10d2      100%        8
 Necromutation            Tmut/Necr      0%         N/A       100%        8
 Summon Horrible Things   Summ           0%         N/A       100%        8
 Death's Door             Necr           0%         N/A       100%        9
 Dragon's Call            Summ           0%         N/A       100%        9


Dungeon Overview and Level Annotations

Branches:
Dungeon (15/15)            Temple (0/1) D:5            Lair (6/6) D:11
  Swamp (4/4) Lair:2       Spider (4/4) Lair:4        Slime (0/5) Lair:5
    Orc (2/2) D:11            Elf (3/3) Orc:2        Vaults (5/5) D:13
  Crypt (0/3) Vaults:3     Depths (4/4) D:15            Zot (5/5) Depths:4
 Bailey (visited)           IceCv (visited)

Altars:
Ashenzari
Gozag
Nemelex Xobeh
Qazlal
Sif Muna
Trog
Uskayaw
Vehumet
Yredelemnul
Zin
The Shining One
Jiyva

Shops:
D:3 :   D:8 !   D:11 *   Orc:1 =   Orc:2 ?[!!   Elf:1 ***   Elf:3 *
Vaults:2 ?   Vaults:3 =!![   Vaults:4 :   Depths:1 ?

Portals:
Hell: Depths:1 Depths:2 Depths:3 Depths:4
Abyss: Depths:1 Depths:3
Pandemonium: Depths:1 Depths:2
Ziggurat: Depths:3

Annotations:
D:1 exclusion: 2 downstairs
D:2 exclusion: 2 downstairs
D:9 exclusion: downstairs
Swamp:1 exclusion: downstairs
Swamp:2 exclusion: downstairs
Spider:3 exclusion: downstairs
Vaults:4 exclusion: downstairs
Depths:1 exclusion: 2 downstairs
Depths:3 exclusion: 3 downstairs
Zot:1 exclusion: 2 downstairs


Innate Abilities, Weirdness & Mutations

You are clumsy. (Dex -2)
You are frail. (-10% HP)
You are weak. (Str -2)


Message History

You hit the Orb Guardian but do no damage.
The Orb Guardian is moderately wounded.
You block the Orb Guardian's attack.
You slash the Orb Guardian!
The Orb Guardian is heavily wounded.
You block the Orb Guardian's attack.
You chop the Orb Guardian into pieces!!!
You kill the Orb Guardian!
(D) Dungeon (T) Temple (L) Lair (S) Swamp (N) Spider Nest (M) Slime Pits (O) Orcish Mines (E) Elven Halls (V) Vaults (C) Crypt (U) Depths (H) Hell (Z) Zot
Where to? (Enter - D:1 @ (x,y), ? - help)
An Orb Guardian comes into view.
You barely miss the Orb Guardian. The Orb Guardian hits you!
You slash the Orb Guardian!
The Orb Guardian is moderately wounded.
You slice the Orb Guardian!!
The Orb Guardian is heavily wounded.
The Orb Guardian barely misses you.
You slice the Orb Guardian!!
The Orb Guardian is severely wounded.
You block the Orb Guardian's attack.
You slash the Orb Guardian!
The Orb Guardian is almost dead.
You block the Orb Guardian's attack.
You hit the Orb Guardian.
The Orb Guardian is almost dead.
You block the Orb Guardian's attack.
You cut the Orb Guardian into ribbons!!!
You kill the Orb Guardian!
(D) Dungeon (T) Temple (L) Lair (S) Swamp (N) Spider Nest (M) Slime Pits (O) Orcish Mines (E) Elven Halls (V) Vaults (C) Crypt (U) Depths (H) Hell (Z) Zot
Where to? (Enter - D:1 @ (x,y), ? - help)
There is a staircase leading out of the dungeon here.
Unknown command.
Unknown command.
You have escaped!

.........#####..............###..
.................#######...## ##.
..........###.[..##...##...# #.
..........# #....#.'##.#...### #.
####.##...###....#.#⌠#.'.....###.
#.......##....#.###.#.........
#.......##....##...##.......#.
#.............#######.......#.
##.......##...@................
###........###.................#.
#....##.#...............>........
..#.......#......................
###..........####..#######.###.##
###.......#.## ##.#.###.###.###.
..........#.# #..#.#.#.#.#.#.#
###.........## #..#.#.#.#.#.#†#
#..........#####.###.###.###.##


There were no monsters in sight!

Vanquished Creatures
  3 dread liches (Zot:5)
  6 orbs of fire
  3 ancient liches (Zot:5)
  2 royal mummies (Depths:3)
  5 Killer Klowns (Zot:5)
  Xtahua (Depths:3)
  Saint Roka (Vaults:4)
  A caustic shrike (Depths:4)
  2 curse toes (Zot:4)
  19 golden dragons
  Nikola (Spider:4)
  Arachne (Spider:2)
  3 electric golems
  A Brimstone Fiend (Zot:5)
  Jorgrun (Lair:4)
  15 tentacled monstrosities
  5 liches
  6 titans
  Mlioglotl (Lair:4)
  28 Orb Guardians
  10 quicksilver dragons
  An acid blob (Spider:3)
  A deep elf master archer (Elf:3)
  4 deep elf blademasters (Elf:3)
  9 death cobs
  3 thorn hunters
  3 sphinxes
  Agnes (D:15)
  16 shadow dragons
  15 draconian monks
  11 storm dragons
  11 tengu reavers
  Donald (Vaults:4)
  7 draconian knights
  An iron dragon (Vaults:5)
  A rockslime (Zot:5)
  Roxanne (Spider:2)
  10 frost giants
  4 fire giants
  A daeva (D:3)
  3 emperor scorpions
  8 deep elf sorcerers
  2 orc warlords
  Louise (Swamp:1)
  6 deep elf elementalists (Elf:3)
  7 ghost moths
  16 ironbound preservers
  4 draconian scorchers
  14 vault wardens
  8 draconian shifters
  5 war gargoyles
  2 spriggan defenders (Depths:3)
  3 broodmothers
  10 ironbound thunderhulks
  10 stone giants
  10 draconian annihilators
  13 green draconians
  26 very ugly things
  14 black draconians
  9 deep elf demonologists
  9 entropy weavers
  10 deep elf annihilators
  9 purple draconians
  4 eleionomae
  14 spark wasps
  A vampire knight (Depths:1)
  14 yellow draconians
  A bunyip (shapeshifter) (Vaults:5)
  13 red draconians
  6 bunyips
  19 white draconians
  Azrael (D:15)
  16 dire elephants
  8 deep elf death magi
  10 ettins
  11 crystal guardians (Depths:2)
  A merfolk impaler (Depths:3)
  9 deep elf high priests
  A green death (Zot:1)
  9 great orbs of eyes
  A merfolk javelineer (Depths:4)
  2 mummy priests (Depths:3)
  Josephine (D:13)
  Fannar (Lair:2)
  16 yaktaur captains
  The ghost of jokaro the Basher, a journeyman GrFi of Okawaru (Orc:1)
  5 fire dragons
  7 ice dragons
  2 jorogumos
  2 hell beasts (Depths:4)
  A peacekeeper (Vaults:3)
  34 vault guards
  A rakshasa (Depths:3)
  8 boulder beetles
  Harold (D:6)
  22 hydras
  8 ironbound frosthearts
  A spriggan air mage (Depths:3)
  2 ghost crabs
  A juggernaut simulacrum (Depths:3)
  An ogre mage (Vaults:5)
  3 catoblepae
  2 two-headed ogres
  2 death knights
  Erica (D:10)
  24 dancing weapons
  13 centaur warriors
  2 alligators
  2 radroaches
  4 vampire magi
  4 death yaks (Lair:6)
  3 orc high priests
  4 deep troll shamans
  7 tengu warriors
  11 deep troll earth magi
  28 spriggans
  3 hell knights (Vaults:5)
  13 spriggan berserkers
  9 deep elf knights
  A soul eater (Depths:4)
  10 iron trolls
  3 pharaoh ants
  3 sixfirhies
  A sun demon (Depths:1)
  3 steelbarb worms
  A death drake (Depths:4)
  A steelbarb worm (shapeshifter) (Vaults:5)
  8 swamp dragons
  A death drake (shapeshifter) (Vaults:1)
  5 goliath frogs
  4 spriggan druids
  A sun moth (Spider:3)
  An orange crystal statue (Depths:2)
  A quicksilver dragon simulacrum (Depths:4)
  4 bog bodies
  62 deep trolls
  An obsidian statue (Zot:5)
  3 glowing orange brains
  3 lindwurms (Vaults:2)
  Pikel (D:4)
  11 wizards
  4 orb spiders
  10 orc knights
  3 deep elf archers (Elf:1)
  15 deep elf zephyrmancers
  4 phantasmal warriors
  20 wolf spiders
  13 ironbound convokers
  25 deep elf pyromancers
  5 orc sorcerers
  A tengu skeleton (Depths:3)
  An oklob plant (Spider:3)
  6 necromancers
  A wolf spider (shapeshifter) (Vaults:5)
  50 ugly things
  A cyclops (shapeshifter) (D:14)
  3 manticores
  6 cyclopes
  6 will-o-the-wisps
  39 moths of wrath
  2 fire giant skeletons
  27 elephants
  3 centaur zombies
  A frost giant skeleton (Depths:1)
  10 apocalypse crabs (Zot:4)
  19 vault sentinels
  2 black mambas
  2 naga magi (Vaults:4)
  15 cane toads
  2 rime drakes
  An efreet (D:15)
  An elf zombie (Vaults:2)
  A hellion (Depths:1)
  A kobold demonologist (Bailey)
  25 yaktaurs
  7 demonic crawlers
  A yaktaur zombie (Vaults:2)
  An unseen horror (D:12)
  5 tengu conjurers
  3 spriggan skeletons
  5 freezing wraiths
  2 ice devils (D:11)
  A queen bee (Lair:6)
  A hellwing (Depths:2)
  5 bloated husks (Swamp:1)
  18 komodo dragons
  3 trolls
  10 meliai
  7 polar bears
  A tengu simulacrum (Depths:1)
  6 tyrant leeches
  A blink frog (shapeshifter) (D:14)
  23 tarantellas
  Prince Ribbit (D:8)
  25 hornets
  39 slime creatures
  2 dream sheep
  Grinder (D:6)
  12 blink frogs
  An ettin zombie (Vaults:2)
  A human simulacrum (Vaults:4)
  11 water elementals
  4 air elementals
  4 shadows
  2 vampires
  6 wraiths
  20 jumping spiders
  Sigmund (D:3)
  19 culicivoras
  42 yaks
  A ynoxinul (D:12)
  4 fire elementals
  Eustachio (D:4)
  3 wyverns
  Grum (D:11)
  5 basilisks
  A chaos spawn (Depths:1)
  12 vampire mosquitoes
  61 redbacks
  Menkaure (D:7)
  A steam dragon (D:11)
  Edmund (D:4)
  17 swamp worms
  2 wargs
  9 acid dragons
  7 hell hounds
  Duvessa (D:5)
  14 water moccasins
  30 orc warriors
  2 sky beasts
  3 swamp drakes (Swamp:4)
  2 ice beasts
  25 wolves
  8 boggarts
  4 ogres
  9 centaurs
  A phantom (D:5)
  2 lemures (D:3)
  A kobold brigand (D:11)
  2 human skeletons (Vaults:2)
  A wyvern zombie (D:7)
  14 bullfrogs
  A gnoll sergeant (D:7)
  2 wyvern skeletons
  4 scorpions
  2 earth elementals
  4 water moccasin skeletons
  Dowan (D:5)
  23 killer bees
  13 electric eels
  3 wights (D:4)
  3 howler monkeys
  11 orc priests
  2 centaur skeletons
  A gnoll shaman (D:9)
  3 jellies
  3 iguanas (D:5)
  Natasha (thrice) (D:4)
  19 orc wizards
  2 centaur simulacra
  3 howler monkey zombies
  11 gnolls
  13 adders
  A shadow imp (D:4)
  3 white imps
  An ufetubus (D:4)
  2 adder skeletons (D:4)
  A worm (D:2)
  3 dart slugs
  65 orcs
  5 endoplasms
  9 giant cockroaches
  19 goblins
  9 hobgoblins
  11 jackals
  4 quokkas
  4 ball pythons
  5 bats
  14 frilled lizards
  8 kobolds
  8 rats
  3 briar patches (Swamp:2)
2099 creatures vanquished.

Vanquished Creatures (collateral kills)
  A royal mummy (Depths:3)
  A curse toe (Zot:4)
  the Lernaean hydra (Swamp:4)
  Rupert (D:15)
  A quicksilver dragon (Depths:4)
  A shadow dragon (Vaults:5)
  2 revenants (Vaults:3)
  A vault warden (Vaults:2)
  A very ugly thing (Vaults:4)
  An ironbound preserver (Vaults:3)
  A fire dragon (Depths:4)
  A yaktaur captain (Vaults:4)
  A quicksilver dragon skeleton (Vaults:4)
  4 hydras (Swamp:4)
  4 slime creatures
  A hell knight (Vaults:5)
  2 death drakes (Depths:4)
  2 ironbound convokers (Vaults:2)
  4 deep trolls
  A swamp dragon (Swamp:4)
  A necromancer (Vaults:5)
  3 ugly things
  7 yaktaurs
  3 swamp drakes (Swamp:4)
  A human zombie (Vaults:4)
  A boggart (Vaults:3)
48 creatures vanquished.

Vanquished Creatures (others)
  A golden dragon (Zot:5)
  A fire giant (Vaults:2)
  A spriggan air mage (Swamp:3)
  A spriggan (Swamp:1)
  A deep elf zephyrmancer (Elf:1)
  5 bloated husks
  2 hornets
  2 orc warriors
  An electric eel (D:10)
  An orc wizard (D:10)
  A howler monkey simulacrum (D:10)
  2 orcs (D:10)
  A briar patch (Swamp:2)
  A bush (Lair:6)
  45 foxfires
  18 fungi
  61 plants
145 creatures vanquished.

Grand Total: 2292 creatures vanquished

Notes
Turn   | Place    | Note
-------+----------+-------------------------------------------
     0 | D:1      | AarnesTheHuman the Hill Orc Fighter began the quest for the
                  | Orb.
     0 | D:1      | Reached XP level 1. HP: 19/19 MP: 1/1
   302 | D:1      | Reached XP level 2. HP: 24/26 MP: 2/2
   471 | D:1      | Reached XP level 3. HP: 30/31 MP: 3/3
   836 | D:2      | Found a faded altar of an unknown god.
   955 | D:2      | Reached XP level 4. HP: 15/39 MP: 4/4
  1251 | D:2      | Reached skill level 5 in Axes
  1704 | D:3      | Noticed Sigmund
  1873 | D:3      | Reached XP level 5. HP: 43/45 MP: 5/5
  2114 | D:3      | Found a hide-covered altar of Uskayaw.
  2227 | D:4      | Reached skill level 5 in Shields
  2313 | D:4      | Reached XP level 6. HP: 35/52 MP: 6/6
  2320 | D:4      | Reached skill level 4 in Fighting
  2765 | D:4      | Noticed Pikel
  2776 | D:4      | Killed Pikel
  2777 | D:4      | Reached skill level 5 in Fighting
  2777 | D:4      | Reached skill level 5 in Armour
  2777 | D:4      | Reached skill level 1 in Maces & Flails
  2777 | D:4      | Reached XP level 7. HP: 32/61 MP: 7/7
  2803 | D:4      | Reached XP level 8. HP: 42/69 MP: 8/8
  2944 | D:4      | Noticed Natasha
  2951 | D:4      | Killed Natasha
  3064 | D:4      | Found an opulent altar of Gozag.
  3094 | D:4      | Noticed Eustachio
  3114 | D:4      | Killed Eustachio
  3362 | D:4      | Noticed Edmund
  3394 | D:4      | Killed Edmund
  3543 | D:4      | Reached skill level 6 in Fighting
  3664 | D:4      | Found a glowing golden altar of the Shining One.
  3665 | D:4      | Found a basalt altar of Yredelemnul.
  3672 | D:4      | Noticed an angel
  3677 | D:4      | Became a worshipper of the Shining One
  4044 | D:5      | Entered Level 5 of the Dungeon
  4048 | D:5      | Identified 2 scrolls of acquirement
  4048 | D:5      | Acquired a +2 vorpal broad axe
  4068 | D:5      | Noticed Dowan
  4078 | D:5      | Noticed Duvessa
  4090 | D:5      | Killed Duvessa
  4092 | D:5      | Killed Dowan
  4467 | D:5      | Reached XP level 9. HP: 63/78 MP: 11/11
  4488 | D:5      | Reached skill level 7 in Fighting
  4630 | D:5      | Got the Grimoire of Curses
  4748 | D:5      | Found a staircase to the Ecumenical Temple.
  5030 | D:6      | Reached skill level 5 in Invocations
  5363 | D:6      | Reached skill level 10 in Axes
  5418 | D:6      | Noticed Grinder
  5430 | D:6      | Killed Grinder
  5515 | D:6      | Reached * piety under the Shining One
  6095 | D:7      | Noticed Harold
  6110 | D:6      | Killed Harold
  6111 | D:6      | Reached XP level 10. HP: 20/86 MP: 13/13
  6486 | D:7      | Noticed Menkaure
  6501 | D:7      | Killed Menkaure
  6541 | D:7      | Reached skill level 8 in Fighting
  7340 | D:7      | Reached ** piety under the Shining One
  7573 | D:8      | Found Osmir's Distillery.
  7620 | D:8      | Reached skill level 9 in Fighting
  7644 | D:8      | Noticed a two-headed ogre
  7658 | D:7      | Killed a two-headed ogre
  7659 | D:7      | Reached skill level 10 in Fighting
  8206 | D:8      | Noticed Prince Ribbit
  8218 | D:8      | Killed Prince Ribbit
  8777 | D:8      | Found Osmir's Distillery.
  8941 | D:9      | Paralysed by a hornet for 1 turns
  8945 | D:9      | Reached XP level 11. HP: 81/101 MP: 14/14
  9019 | D:9      | Noticed a boulder beetle
  9030 | D:9      | Killed a boulder beetle
  9041 | D:9      | Identified the +11 hand axe of Mearays {venom, Fly Will-
                  | rCorr Int+4 SInv}
  9318 | D:8      | Reached skill level 11 in Fighting
  9351 | D:9      | Found a flagged portal.
  9365 | Bailey   | Entered a bailey
  9441 | Bailey   | Acquired the +3 crown of Dyrovepreva {rElec Int+2 SInv}
  9441 | Bailey   | Found the +3 crown of Dyrovepreva {rElec Int+2 SInv}
  9453 | Bailey   | Noticed an orc knight
  9463 | Bailey   | Killed an orc knight
  9685 | Bailey   | Acquired the +4 hat "Nystri" {rElec Will+ Int+3 Slay+3}
  9795 | Bailey   | Noticed an orc knight
  9802 | Bailey   | Killed an orc knight
  9847 | Bailey   | Found an iron altar of Okawaru.
  9847 | Bailey   | Noticed an orc sorcerer
  9847 | Bailey   | Noticed an orc knight
  9855 | Bailey   | Killed an orc sorcerer
  9858 | Bailey   | Killed an orc knight
 10381 | D:10     | Entered Level 10 of the Dungeon
 10382 | D:10     | Noticed a two-headed ogre
 10395 | D:10     | Killed a two-headed ogre
 10396 | D:10     | Reached skill level 12 in Fighting
 10721 | D:10     | Reached skill level 1 in Dodging
 10823 | D:10     | You fall into a shaft and drop 2 floors!
 10841 | D:12     | Reached *** piety under the Shining One
 10853 | D:12     | Reached XP level 12. HP: 78/113 MP: 16/16
 11085 | D:11     | Found Dur Xylelao's Assorted Antiques.
 11102 | D:11     | Bought a scroll of identify for 62 gold pieces
 11109 | D:11     | Noticed Grum
 11119 | D:11     | Killed Grum
 11177 | D:11     | Identified the +2 leather armour "Girawil" {Stlth+}
 11304 | D:11     | Found a staircase to the Orcish Mines.
 11331 | D:11     | Noticed a boulder beetle
 11356 | D:11     | Killed a boulder beetle
 11357 | D:11     | Reached skill level 13 in Fighting
 11401 | D:11     | Found a frozen archway.
 11414 | IceCv    | Entered an ice cave
 12054 | D:10     | Noticed Erica
 12062 | D:10     | Killed Erica
 12359 | D:10     | Reached skill level 15 in Axes
 13504 | D:11     | Found a staircase to the Lair.
 13582 | Lair:1   | Entered Level 1 of the Lair of Beasts
 13588 | Lair:1   | Noticed a five-headed hydra
 13602 | D:11     | Killed a five-headed hydra
 14139 | Lair:1   | Noticed a seven-headed hydra
 14153 | Lair:1   | Killed a seven-headed hydra
 14320 | Lair:1   | Reached XP level 13. HP: 113/123 MP: 20/20
 14338 | Lair:1   | Reached skill level 10 in Armour
 15216 | Lair:2   | Found a staircase to the Swamp.
 15286 | Lair:1   | Reached skill level 10 in Invocations
 15383 | Lair:2   | Reached skill level 14 in Fighting
 15415 | Lair:2   | Noticed Fannar
 15415 | Lair:2   | Reached **** piety under the Shining One
 15436 | Lair:2   | Killed Fannar
 16104 | Lair:2   | Identified the +1 robe of Mental Paralysis {Will+ Dex+2}
 16440 | Lair:2   | Found a staircase to the Swamp.
 17888 | Lair:3   | Identified the +2 scale mail "Zuopic" {rC- Int+7}
 18160 | Lair:4   | Reached skill level 15 in Fighting
 18873 | Lair:4   | Found a hole to the Spider Nest.
 18950 | Lair:4   | Reached XP level 14. HP: 135/135 MP: 21/21
 19453 | D:11     | Bought a scroll of identify for 62 gold pieces
 19757 | Lair:5   | You fall into a shaft and drop 1 floor!
 19757 | Lair:6   | Entered Level 6 of the Lair of Beasts
 20403 | Lair:5   | Found a staircase to the Slime Pits.
 20403 | Lair:5   | Found a viscous altar of Jiyva.
 20703 | Lair:6   | Reached skill level 10 in Shields
 20908 | Lair:6   | Reached ***** piety under the Shining One
 21640 | Lair:6   | Identified the ring of Doubt {rC+ rCorr MP+9 Str-3 Int+3}
 22238 | Lair:6   | Noticed a dire elephant
 22259 | Lair:6   | Killed a dire elephant
 22260 | Lair:6   | Reached skill level 16 in Fighting
 22924 | Orc:1    | Entered Level 1 of the Orcish Mines
 22968 | Orc:1    | Found Lieshruh's Jewellery Shoppe.
 22986 | Orc:1    | Bought a ring of willpower for 325 gold pieces
 23080 | Orc:1    | Noticed an orc warlord
 23101 | Orc:1    | Killed an orc warlord
 23102 | Orc:1    | Reached XP level 15. HP: 120/144 MP: 24/24
 23511 | Orc:2    | Entered Level 2 of the Orcish Mines
 23727 | Orc:2    | Found a staircase to the Elven Halls.
 23949 | Orc:1    | Noticed jokaro's ghost (journeyman GrFi)
 23949 | Orc:1    | Found a transporter.
 24045 | Orc:1    | Found a transporter.
 25520 | Orc:2    | Found Xistaej's Magic Scroll Shoppe.
 25520 | Orc:2    | Found Caomevoo's Distillery.
 25522 | Orc:2    | Found Fuefrah's Distillery.
 25522 | Orc:2    | Found Mach's Armour Shoppe.
 25534 | Orc:2    | Bought a scroll of identify for 20 gold pieces
 25534 | Orc:2    | Bought a scroll of identify for 20 gold pieces
 25534 | Orc:2    | Bought a scroll of identify for 20 gold pieces
 25537 | Orc:2    | Bought a scroll of enchant weapon for 75 gold pieces
 25541 | Orc:2    | Bought a potion of experience for 700 gold pieces
 25541 | Orc:2    | Reached skill level 17 in Fighting
 25541 | Orc:2    | Reached skill level 5 in Dodging
 25541 | Orc:2    | Reached XP level 16. HP: 155/155 MP: 25/25
 25683 | Orc:1    | Killed jokaro's ghost
 26076 | D:12     | Found a stormy altar of Qazlal.
 27650 | D:13     | Reached ****** piety under the Shining One
 27797 | D:13     | Found a gate to the Vaults.
 27862 | D:13     | Noticed Josephine
 27871 | D:13     | Killed Josephine
 28071 | D:14     | Identified the +7 hunting sling "Orb Guardian's Bane"
                  | {flame, rF+++ rCorr MP+9 Dex-3}
 29232 | D:14     | Reached skill level 1 in Slings
 29291 | D:14     | Found a glowing silver altar of Zin.
 29388 | D:14     | Found a radiant altar of Vehumet.
 29947 | D:15     | Entered Level 15 of the Dungeon
 30050 | D:15     | Noticed Rupert
 30058 | D:15     | Killed Rupert
 30308 | D:15     | Reached skill level 5 in Slings
 30707 | D:15     | Noticed Agnes
 30718 | D:15     | Killed Agnes
 30994 | D:15     | Reached XP level 17. HP: 162/162 MP: 27/27
 31281 | D:15     | Noticed Azrael
 31294 | D:15     | Killed Azrael
 31835 | D:15     | Found a staircase to the Depths.
 32151 | Spider:1 | Entered Level 1 of the Spider Nest
 32868 | Spider:1 | Noticed Jorgrun
 33404 | Lair:4   | Killed Jorgrun
 33405 | Lair:4   | Reached skill level 18 in Fighting
 33881 | Spider:1 | Noticed Mlioglotl
 33896 | Lair:4   | Killed Mlioglotl
 35536 | Spider:2 | Identified Roxanne's Guide on Stones
 35536 | Spider:2 | Noticed Roxanne
 35720 | Spider:2 | Noticed Arachne
 35739 | Spider:2 | Killed Arachne
 36639 | Spider:2 | Killed Roxanne
 37822 | Spider:3 | Noticed an acid blob
 38275 | Spider:3 | Killed an acid blob
 38276 | Spider:3 | Reached skill level 15 in Invocations
 39177 | Spider:4 | Entered Level 4 of the Spider Nest
 39416 | Spider:4 | Reached XP level 18. HP: 172/174 MP: 0/29
 39743 | Spider:4 | Reached skill level 19 in Fighting
 39786 | Spider:4 | Noticed Nikola
 39803 | Spider:4 | Reached skill level 15 in Armour
 39820 | Spider:4 | Killed Nikola
 42019 | Spider:4 | Got a gossamer rune of Zot
 42026 | Spider:4 | Identified the +0 pair of boots "Teebb" {rN+}
 42205 | Swamp:1  | Entered Level 1 of the Swamp
 42230 | Swamp:1  | Identified the +0 tower shield of Privacy {Rampage Str+2
                  | Int-3}
 42230 | Swamp:1  | Noticed Louise
 42245 | Swamp:1  | Killed Louise
 43440 | Swamp:1  | Identified the +1 scale mail of Courage {rN+ rCorr}
 44882 | Swamp:2  | Reached skill level 10 in Slings
 47498 | Swamp:3  | Reached XP level 19. HP: 182/182 MP: 31/31
 47711 | Swamp:3  | Upgraded the game from 0.28.0-61-g67df4f89a8 to
                  | 0.28.0-62-gf88900778d
 47784 | Swamp:4  | Entered Level 4 of the Swamp
 49557 | Swamp:4  | Noticed the 27-headed Lernaean hydra
 49568 | Swamp:4  | Killed the 26-headed Lernaean hydra
 50077 | Swamp:4  | Got a decaying rune of Zot
 50479 | Vaults:1 | Entered Level 1 of the Vaults
 51311 | Vaults:1 | Reached skill level 20 in Fighting
 52804 | Vaults:1 | Reached XP level 20. HP: 128/193 MP: 33/33
 53929 | Vaults:2 | Reached skill level 15 in Shields
 55002 | Vaults:2 | Identified the +4 tower shield of the Snail {rN+ Regen+}
 55369 | Vaults:2 | Found Myraiced's Magic Scroll Emporium.
 55468 | Vaults:2 | Identified the +3 scale mail "Inwopn" {rCorr Int+2}
 56643 | Vaults:3 | Found Hejeghop's Jewellery Shoppe.
 56657 | Vaults:3 | Found Haty's Distillery.
 56852 | Vaults:3 | Found a portal to a secret trove of treasure.
 57127 | Vaults:3 | Reached skill level 21 in Fighting
 57163 | Vaults:3 | Found Dariditt's Distillery.
 57601 | Vaults:3 | Reached XP level 21. HP: 204/204 MP: 35/35
 57657 | Vaults:3 | Found a staircase to the Crypt.
 57861 | Vaults:3 | Found Wugrecainy's Armour Boutique.
 58056 | Vaults:3 | Acquired 1014 gold pieces
 58125 | Vaults:3 | Identified the +3 chain mail "Uraorphit" {rF+ Will- Str+8}
 58448 | Vaults:2 | Bought a scroll of teleportation for 60 gold pieces
 58448 | Vaults:2 | Bought a scroll of teleportation for 60 gold pieces
 58629 | D:11     | Bought a scroll of teleportation for 93 gold pieces
 58769 | Orc:2    | Bought a scroll of teleportation for 30 gold pieces
 58769 | Orc:2    | Bought a scroll of teleportation for 30 gold pieces
 58769 | Orc:2    | Bought a scroll of teleportation for 30 gold pieces
 59079 | Vaults:3 | You paid a toll of 18 scrolls of teleportation to enter a
                  | treasure trove
 59080 | Trove    | Entered a treasure trove
 59100 | Trove    | Got Sif Muna's Initiation to Sorcery
 59103 | Trove    | Got Nuitworch's Tome of Captivating Conjuration
 59204 | Vaults:4 | Noticed Donald
 59213 | Vaults:4 | Killed Donald
 59257 | Vaults:4 | Noticed Saint Roka
 59584 | Vaults:4 | Killed Saint Roka
 59949 | Vaults:4 | Found a radiant altar of Vehumet.
 59959 | Vaults:4 | Identified the +0 hat of the Stone Wall {rElec Will+++
                  | Dex-3 Stlth+}
 61066 | Vaults:4 | Found Weuk's Book Emporium.
 61853 | Vaults:4 | Reached skill level 22 in Fighting
 62623 | Depths:1 | Entered Level 1 of the Depths
 62804 | Elf:1    | Entered Level 1 of the Elven Halls
 63012 | Elf:1    | Reached skill level 10 in Dodging
 63484 | Elf:1    | Reached XP level 22. HP: 215/215 MP: 36/36
 63586 | Elf:1    | Found Inuineoma's General Store.
 63588 | Elf:1    | Found Orak's Assorted Antiques.
 63590 | Elf:1    | Found Hiff's General Store.
 64041 | Elf:1    | Paralysed by an air elemental for 1 turns
 64446 | Elf:2    | Found a runed translucent gate.
 64446 | Elf:2    | Found a runed translucent gate.
 64446 | Elf:2    | Found a runed translucent gate.
 65038 | Elf:3    | Entered Level 3 of the Elven Halls
 65102 | Elf:3    | Found Hitaska's Assorted Antiques.
 65311 | Elf:3    | Paralysed by an air elemental for 1 turns
 67039 | Elf:3    | Identified the ring "Akhurab" {Wiz rC+ Str+2 SInv}
 67604 | Elf:3    | Identified the +1 arbalest of Termination {penet, rPois
                  | rC++}
 67846 | Elf:3    | Reached skill level 23 in Fighting
 68205 | Elf:3    | Identified the +5 helmet "Depi" {rC+ Dex+3}
 68220 | Elf:3    | Identified the amulet "Jiluaplagae" {RegenMP Int+3}
 68320 | Elf:3    | Found the +7 captain's cutlass {speed, disarm}
 68361 | Elf:3    | Got the Tome of Weightlessness and Displacement
 69719 | Depths:1 | Found Tarefyme's Magic Scroll Emporium.
 70232 | Depths:1 | Noticed a golden dragon
 70248 | Depths:1 | Killed a golden dragon
 70292 | Depths:1 | Reached XP level 23. HP: 227/227 MP: 37/37
 70723 | Depths:1 | Found a gateway to Hell.
 70846 | Depths:1 | Found a one-way gate to the infinite horrors of the Abyss.
 70964 | Depths:1 | Found a one-way gate leading to the halls of Pandemonium.
 71314 | Depths:2 | Found the +7 mace of Variability {chain chaos}
 71356 | Depths:2 | Identified the ring "Vauheon" {*Slow Fly rElec Str+3
                  | Slay+3}
 71443 | Depths:2 | You fall into a shaft and drop 1 floor!
 71842 | Depths:2 | Identified the +5 fustibalus "Kass" {flame, rN+}
 72502 | Depths:2 | Found a shimmering blue altar of Sif Muna.
 73104 | Depths:2 | Reached skill level 24 in Fighting
 73685 | Depths:2 | Identified a +2 broad axe of holy wrath (a +0 broad axe
                  | blessed by the Shining One)
 73685 | Depths:2 | Received a gift from the Shining One
 73997 | Depths:1 | Bought a scroll of enchant weapon for 127 gold pieces
 74206 | Vaults:2 | Bought a scroll of enchant weapon for 150 gold pieces
 74963 | Depths:3 | Noticed Xtahua
 74986 | Depths:3 | Killed Xtahua
 75473 | Depths:3 | Found a one-way gateway to a ziggurat.
 75990 | Depths:3 | Found a bloodstained altar of Trog.
 76103 | Depths:3 | Noticed a royal mummy
 76116 | Depths:3 | Killed a royal mummy
 76126 | Depths:3 | Noticed a royal mummy
 76136 | Depths:3 | Killed a royal mummy
 76425 | Depths:3 | Noticed a royal mummy
 76425 | Depths:3 | Found the +7 sceptre of Torment {pain, torment}
 76435 | Depths:3 | Killed a royal mummy
 76641 | Depths:4 | Entered Level 4 of the Depths
 76718 | Depths:4 | Reached XP level 24. HP: 239/239 MP: 38/38
 77582 | Depths:4 | Noticed a caustic shrike
 77596 | Depths:4 | Killed a caustic shrike
 78517 | Depths:3 | Reached skill level 25 in Fighting
 79386 | Depths:4 | Found a gate to the Realm of Zot.
 81325 | Vaults:5 | Entered Level 5 of the Vaults
 81858 | Vaults:4 | Reached XP level 25. HP: 191/250 MP: 38/38
 83768 | Vaults:5 | Got a silver rune of Zot
 83797 | Vaults:5 | Identified the +7 quarterstaff of Dividends {pain, +Blink
                  | Will+ Dex+3 Stlth+}
 83797 | Vaults:5 | Identified the +8 shortbow of Leyfocvai {vorpal, rC- rN++
                  | Dex-5 Stlth+}
 83819 | Vaults:5 | Reached skill level 26 in Fighting
 84182 | Vaults:5 | Identified the +5 mace of Anger {drain, *Rage Drain rC++
                  | Stlth+}
 84182 | Vaults:5 | Identified the amulet of Autumn {Reflect rF+ rC+ rCorr
                  | SH+5}
 84487 | Vaults:5 | Identified the +3 chain mail of the Harp {rPois}
 84593 | Vaults:5 | Identified the +3 chain mail "Munnew" {rPois}
 85195 | Zot:1    | Entered Level 1 of the Realm of Zot
 86195 | Zot:1    | Identified the amulet "Ogaoz" {Acrobat rC++ rN+}
 86672 | Zot:1    | Reached XP level 26. HP: 262/262 MP: 39/39
 87313 | Zot:2    | Noticed an orb of fire
 87314 | Zot:2    | Gained mutation: You are dopey. (Int -2) [an orb of fire]
 87321 | Zot:2    | Gained mutation: You are weak. (Str -2) [an orb of fire]
 87328 | Zot:1    | Gained mutation: You are frail. (-10% HP) [an orb of fire]
 87331 | Zot:1    | Gained mutation: You sometimes lose the ability to read
                  | scrolls when taking damage. [an orb of fire]
 87335 | Zot:1    | Gained mutation: You occasionally shout uncontrollably at
                  | your foes. [an orb of fire]
 87339 | Zot:1    | Gained mutation: You are very dopey. (Int -4) [an orb of
                  | fire]
 87346 | Zot:1    | Gained mutation: You frequently scream uncontrollably at
                  | your foes. [an orb of fire]
 87349 | Zot:1    | Killed an orb of fire
 87350 | Zot:1    | Lost mutation: You are very dopey. (Int -4) [potion of
                  | mutation]
 87350 | Zot:1    | Lost mutation: You are dopey. (Int -2) [potion of mutation]
 87350 | Zot:1    | Gained mutation: Your magical capacity is low. (-10% MP)
                  | [potion of mutation]
 87351 | Zot:1    | Lost mutation: You frequently scream uncontrollably at your
                  | foes. [potion of mutation]
 87351 | Zot:1    | Lost mutation: You are weak. (Str -2) [potion of mutation]
 87351 | Zot:1    | Lost mutation: You are frail. (-10% HP) [potion of
                  | mutation]
 87351 | Zot:1    | Gained mutation: You are somewhat resistant to further
                  | mutation. [potion of mutation]
 87352 | Zot:1    | Lost mutation: Your magical capacity is low. (-10% MP)
                  | [potion of mutation]
 87352 | Zot:1    | Lost mutation: You are somewhat resistant to further
                  | mutation. [potion of mutation]
 87352 | Zot:1    | Lost mutation: You sometimes lose the ability to read
                  | scrolls when taking damage. [potion of mutation]
 87352 | Zot:1    | Gained mutation: Your spells are a little harder to cast,
                  | but a little more powerful. [potion of mutation]
 87595 | Zot:2    | Noticed an orb of fire
 87599 | Zot:2    | Gained mutation: You tend to lose your temper in combat.
                  | [an orb of fire]
 87601 | Zot:2    | Gained mutation: You have hidden genetic defects. [an orb
                  | of fire]
 87616 | Zot:1    | Killed an orb of fire
 87617 | Zot:1    | Lost mutation: You tend to lose your temper in combat.
                  | [potion of mutation]
 87617 | Zot:1    | Lost mutation: Your spells are a little harder to cast, but
                  | a little more powerful. [potion of mutation]
 87617 | Zot:1    | Lost mutation: You occasionally shout uncontrollably at
                  | your foes. [potion of mutation]
 87617 | Zot:1    | Gained mutation: You are partially covered in iridescent
                  | scales. (AC +2) [potion of mutation]
 87617 | Zot:1    | Gained mutation: You do not regenerate when monsters are
                  | visible. [potion of mutation]
 87617 | Zot:1    | Gained mutation: You possess an exceptional clarity of
                  | mind. [potion of mutation]
 87618 | Zot:1    | Lost mutation: You possess an exceptional clarity of mind.
                  | [potion of mutation]
 87618 | Zot:1    | Lost mutation: You have hidden genetic defects. [potion of
                  | mutation]
 87618 | Zot:1    | Lost mutation: You are partially covered in iridescent
                  | scales. (AC +2) [potion of mutation]
 87618 | Zot:1    | Gained mutation: Your magical capacity is low. (-10% MP)
                  | [potion of mutation]
 87618 | Zot:1    | Gained mutation: You are clumsy. (Dex -2) [potion of
                  | mutation]
 87618 | Zot:1    | Gained mutation: You are robust. (+10% HP) [potion of
                  | mutation]
 88538 | D:11     | Bought a potion of haste for 310 gold pieces
 88538 | D:11     | Bought a potion of mutation for 248 gold pieces
 88678 | Orc:2    | Bought a potion of mutation for 88 gold pieces
 88678 | Orc:2    | Bought a potion of mutation for 88 gold pieces
 88678 | Orc:2    | Bought a potion of attraction for 33 gold pieces
 88778 | Elf:1    | Bought a potion of mutation for 112 gold pieces
 88778 | Elf:1    | Bought a potion of heal wounds for 70 gold pieces
 88782 | Elf:1    | Bought a potion of mutation for 96 gold pieces
 89066 | Vaults:3 | Bought 2 potions of mutation for 320 gold pieces
 89089 | Vaults:3 | Bought a potion of mutation for 136 gold pieces
 89089 | Vaults:3 | Bought a potion of mutation for 136 gold pieces
 89089 | Vaults:3 | Bought a potion of might for 68 gold pieces
 90356 | Zot:2    | Found the +7 great mace "Undeadhunter" {disrupt, rN+}
 91947 | Zot:3    | Reached skill level 27 in Fighting
 95278 | Zot:4    | Paralysed by you for 6 turns
 96140 | Zot:4    | Paralysed by you for 6 turns
 96290 | Zot:4    | Paralysed by you for 7 turns
 96854 | Zot:4    | Identified the +4 dagger "Koschuott" {flame, Int+2}
 97002 | Zot:5    | Entered Level 5 of the Realm of Zot
 97500 | Zot:4    | Reached XP level 27. HP: 300/300 MP: 35/35
 98546 | Zot:5    | Noticed an orb of fire
 98554 | Zot:5    | Noticed an orb of fire
 98726 | Zot:5    | Gained mutation: You are weak. (Str -2) [an orb of fire]
 98744 | Zot:4    | Killed an orb of fire
 99187 | Zot:5    | Noticed an orb of fire
 99202 | Zot:4    | Killed an orb of fire
100032 | Zot:5    | Noticed a dread lich
100054 | Zot:5    | Killed a dread lich
100257 | Zot:5    | Gained mutation: You are dopey. (Int -2) [an orb of fire]
100312 | Zot:5    | Killed an orb of fire
101237 | Zot:5    | Noticed an ancient lich
101252 | Zot:5    | Killed an ancient lich
101598 | Zot:5    | Noticed an ancient lich
101633 | Zot:5    | Killed an ancient lich
101814 | Zot:5    | Noticed a dread lich
101834 | Zot:5    | Killed a dread lich
102404 | Zot:5    | Noticed an ancient lich
102440 | Zot:5    | Killed an ancient lich
103477 | Zot:5    | Noticed an orb of fire
103499 | Zot:5    | Noticed a dread lich
103506 | Zot:5    | Killed a dread lich
104403 | Zot:5    | Gained mutation: You are very dopey. (Int -4) [an orb of
                  | fire]
104412 | Zot:5    | Lost mutation: You are robust. (+10% HP) [an orb of fire]
104416 | Zot:5    | Gained mutation: You are frail. (-10% HP) [an orb of fire]
104422 | Zot:5    | Gained mutation: Your body sometimes deteriorates upon
                  | taking damage. [an orb of fire]
104423 | Zot:5    | Gained mutation: You are very weak. (Str -4) [an orb of
                  | fire]
104426 | Zot:5    | Killed an orb of fire
104644 | Zot:5    | Lost mutation: You are very dopey. (Int -4) [potion of
                  | mutation]
104644 | Zot:5    | Lost mutation: You are frail. (-10% HP) [potion of
                  | mutation]
104644 | Zot:5    | Lost mutation: You are very weak. (Str -4) [potion of
                  | mutation]
104644 | Zot:5    | Gained mutation: You are very clumsy. (Dex -4) [potion of
                  | mutation]
104645 | Zot:5    | Lost mutation: You are weak. (Str -2) [potion of mutation]
104645 | Zot:5    | Lost mutation: You are dopey. (Int -2) [potion of mutation]
104645 | Zot:5    | Gained mutation: Your body often deteriorates upon taking
                  | damage. [potion of mutation]
104645 | Zot:5    | Gained mutation: Your spells are a little harder to cast,
                  | but a little more powerful. [potion of mutation]
104645 | Zot:5    | Gained mutation: Your spells are harder to cast, but more
                  | powerful. [potion of mutation]
104646 | Zot:5    | Lost mutation: Your body often deteriorates upon taking
                  | damage. [potion of mutation]
104646 | Zot:5    | Lost mutation: Your spells are harder to cast, but more
                  | powerful. [potion of mutation]
104646 | Zot:5    | Lost mutation: You are very clumsy. (Dex -4) [potion of
                  | mutation]
104646 | Zot:5    | Lost mutation: Your spells are a little harder to cast, but
                  | a little more powerful. [potion of mutation]
104646 | Zot:5    | Gained mutation: You are very clumsy. (Dex -4) [potion of
                  | mutation]
104646 | Zot:5    | Gained mutation: You are frail. (-10% HP) [potion of
                  | mutation]
104647 | Zot:5    | Lost mutation: Your body sometimes deteriorates upon taking
                  | damage. [potion of mutation]
104647 | Zot:5    | Lost mutation: You are very clumsy. (Dex -4) [potion of
                  | mutation]
104647 | Zot:5    | Lost mutation: You do not regenerate when monsters are
                  | visible. [potion of mutation]
104647 | Zot:5    | Lost mutation: Your magical capacity is low. (-10% MP)
                  | [potion of mutation]
104647 | Zot:5    | Gained mutation: You are weak. (Str -2) [potion of
                  | mutation]
105308 | D:4      | Noticed Natasha
105311 | D:4      | Killed Natasha
105384 | D:3      | Found Oceodd's Book Boutique.
105494 | D:3      | Found a sparkling altar of Nemelex Xobeh.
105495 | D:3      | Found a broken altar of Ashenzari.
105692 | D:3      | Killed Sigmund
105869 | D:4      | Noticed Natasha
105875 | D:4      | Killed Natasha
106208 | D:8      | Bought 2 potions of magic for 208 gold pieces
106208 | D:8      | Bought a potion of haste for 130 gold pieces
106381 | Orc:2    | Bought a potion of heal wounds for 70 gold pieces
106381 | Orc:2    | Bought 2 potions of heal wounds for 140 gold pieces
106381 | Orc:2    | Bought a potion of heal wounds for 70 gold pieces
106933 | Zot:5    | Got the Orb of Zot
107435 | D:3      | Identified the +2 tower shield of Licunaj {*Corrode rN++}
107526 | D:$      | Escaped with the Orb!

Illustrated notes

Levels and vault maps discovered:
D:1:      minmay_arrival_stone_box, layout_rooms, st_stairs_2,
          grunt_decor_resistance
D:2:      layout_rooms, chequers_ecumenical_altar_simple, minmay_lizard_king
D:3:      layout_basic, lemuel_tele_altar, gammafunk_temple_overflow_pools,
          serial_shops, nicolae_lakefront_shop, hex_tiny,
          kennysheep_generic_room_11, uniq_sigmund
D:4:      nicolae_BIG_FREAKIN_CUBE, layout_cave_pods,
          grunt_temple_overflow_holy_war, grunt_gozag_breadcrumbs,
          gup_sewer_entry_spiral, minmay_fractal_squares_5, uniq_pikel,
          uniq_edmund, uniq_natasha, uniq_eustachio
D:5:      layout_rooms, minmay_temple_entry_junction,
          nicolae_figureground_sparkle, uniq_duvessa
D:6:      layout_loops_ring, uniq_grinder
D:7:      layout_basic, uniq_menkaure, uniq_harold
D:8:      layout_cave_pools, serial_shops, shop, minmay_misc_feat_columns,
          uniq_prince_ribbit1
D:9:      layout_rooms, enter_bailey_2, moated_statue, kennysheep_nondescript,
          nzn_sisyphean_effort
D:10:     layout_basic, serial_ice, serial_ice_f, serial_ice_d, serial_ice_k,
          serial_ice_b, kennysheep_just_a_vault, uniq_erica
D:11:     layout_irregular_city, erik_lair_dragon, david_orc_2,
          portal_ice_cave_demonic_guard, minmay_shop_grid_forest, uniq_grum
D:12:     layout_roguey, nicolae_qazlal_eye_of_the_storm
D:13:     layout_rooms, david_vaults_2, kennysheep_small_circle, uniq_josephine
D:14:     layout_roguey, nicolae_vehumet_radiance, zin_scriptorium
D:15:     grunt_enter_depths_snipers, layout_loops_ring, serial_bayou,
          serial_bayou_pond_b, serial_bayou_pond_d, serial_bayou_pond_e,
          serial_bayou_pond_c, minmay_misc_feat_x, uniq_agnes, uniq_rupert,
          uniq_azrael
Lair:1:   layout_cave_pods, nicolae_lair_run_with_the_wolves,
          infiniplex_staircase_pool, grunt_megastairs_3, lemuel_fruit_tree
Lair:2:   layout_misc_corridors, skrybe_swamp_entry_bodies, st_stairs_8,
          wad_woods_river_01, uniq_fannar
Lair:3:   layout_regular_city
Lair:4:   layout_gridlike, spider_nest_entry_rubble,
          chequers_serial_rivers_room_b, grunt_megastairs_4
Lair:5:   layout_cave_pods, slime_altar_1, serial_bayou_shore_a
Lair:6:   grunt_lair_end_beastmaster, layout_gridlike, special_room
          [special_room_bee], st_stairs_6
Swamp:1:  layout_basic_swamp, evilmike_swamp_ruin_rubble_1,
          nicolae_swamp_super_fun_site, uniq_louise
Swamp:2:  layout_basic_swamp, nicolae_swamp_bean_lake,
          nicolae_swamp_stuck_in_the_mud
Swamp:3:  layout_basic_swamp, evilmike_swamp_ruin_house_1
Swamp:4:  swamp_old_school, layout_basic_swamp
Spider:1: layout_spider_delve, drop_trap, uniq_mlioglotl, uniq_jorgrun
Spider:2: layout_spider_delve, uniq_roxanne, uniq_arachne
Spider:3: layout_spider_delve, special_room, nicolae_spider_acid_house,
          hangedman_spider_tarantella_strand
Spider:4: grunt_spider_rune_parallel, drop_trap, uniq_nikola
Orc:1:    layout_diamond_mine, gammafunk_ghost_arena, serial_shops,
          nicolae_shop_stone, minmay_orc_barracks
Orc:2:    grunt_orc_tribal_feast, layout_diamond_mine
Elf:1:    elf_arrival_002, layout_loops_corners, hangedman_elf_represent,
          patterned_corridor, minmay_shop_star
Elf:2:    elven_hall_of_blades_hangedman_original [nicolae_blade_bullseye],
          layout_gridlike
Elf:3:    nooodl_elf_gasket, layout_geoelf_castle, serial_shops,
          nicolae_diamond_shop
Vaults:1: ontoclasm_vaults_decontamination, v_misc_27,
          nicolae_vaults_little_squares_4, dpeg_vaults_waves, v_rooms_2,
          vaults_room_grunt_arrival_ludios, v_pattern_4, vaults_mumra_hex,
          vaults_room_fancy_cross, nicolae_vaults_border_crossing,
          layout_vaults_ring
Vaults:2: vaults_dpeg_cross, v_misc_24, v_alt_pattern_2, vaults_room_corners,
          v_misc_22, v_pattern_5, hangedman_vaults_capsules,
          vaults_room_corners, ontoclasm_vaults_claustrophobia, v_misc_13,
          layout_vaults_omnigrid, serial_shops, nicolae_shop_crystal
Vaults:3: v_alt_pattern_1, nicolae_vaults_little_ls, hangedman_vaults_nails,
          v_rooms_3, minmay_crypt_entry_simple_round, v_misc_2,
          nicolae_vaults_three_branches, vaults_dpeg_diagonal, st_more_cells,
          v_alt_pattern_6, layout_vaults_big_room, enter_trove_3, serial_shops,
          shop, shop, nicolae_shop_competitors_out_of_business,
          nicolae_shop_crystal
Vaults:4: v_misc_27, nicolae_vaults_big_angled_halls, v_misc_25,
          grunt_tower_of_power, v_rooms_6, v_misc_8, hangedman_vaults_maws,
          grunt_vaults_diagonal, v_misc_28, hangedman_vaults_stretched_pinwheel,
          nicolae_vaults_shelves_hall, hangedman_vaults_trim,
          layout_vaults_omnicross, serial_shops, shop, uniq_donald,
          uniq_saint_roka
Vaults:5
Depths:1: grunt_deathspiral_large, layout_small_grid, rand_demon_pan_entry_3,
          abyss_entry, minmay_misc_feat_roman, hell_entry, serial_shops,
          nicolae_shop_stone, bh_walls_and_bars
Depths:2: minmay_crystal_thing, layout_honeycomb, hell_entry,
          rand_demon_pan_entry_7
Depths:3: minmay_guarded_unrand_sceptre_of_torment, layout_gridlike,
          enter_ziggurat_e, abyss_entry, roderic_lattice_a,
          hangedman_coc_ice_floe, minmay_door_square,
          evilmike_spriggan_trog_shrine, minmay_staircase_statues, uniq_xtahua
Depths:4: lemuel_castle_with_subvaults [lemuel_castle_interior_carwin_2],
          layout_long_grid, chequers_big_river, grunt_mini_vestibule,
          minmay_microvault
Zot:1:    layout_gridlike, grunt_ministairs_12, st_stairs_14
Zot:2:    layout_basic, st_stairs_1
Zot:3:    layout_basic
Zot:4:    gammafunk_mikee_crab_dinner, layout_misc_corridors,
          st_small_dragon_hoard_4
Zot:5:    layout_twisted_circle

Skill      XL: |  1  2  3  4  5  6  7  8  9 10 11 12 13 14 15 16 17 18 19 20 21 22 23 24 25 26 27 |
---------------+----------------------------------------------------------------------------------+-----
Axes           | 3 4 5 6 8 12 13 14 15 17 18 19 | 19.8
Shields        | 4 5 6 7 8 9 11 12 14 15 18 22 23 25 | 25.7
Fighting       | 5 6 7 10 12 13 15 16 17 18 19 20 21 22 23 24 25 26 27 | 27.0
Armour         | 5 6 7 9 11 13 14 15 16 17 19 20 21 | 21.9
Maces & Flails | 1 3 |  3.2
Invocations    | 3 5 6 9 10 12 14 15 17 18 20 21 22 23 24 25 26 | 26.0
Dodging        | 2 3 5 6 7 8 10 12 13 14 | 14.9
Slings         | 6 9 10 12 14 | 14.0

Action                   |  1- 3 |  4- 6 |  7- 9 | 10-12 | 13-15 | 16-18 | 19-21 | 22-24 | 25-27 || total
-------------------------+-------+-------+-------+-------+-------+-------+-------+-------+-------++-------
Melee: War axe           |   101 |   161 |     1 |     4 |       |       |       |       |       ||   267
       Scimitar          |       |     1 |       |       |       |       |       |       |       ||     1
       Whip              |       |       |    86 |    17 |    24 |       |       |       |       ||   127
       Broad axe         |       |       |   125 |   431 |   691 |   851 |   908 |  1245 |  1472 ||  5723
 Fire: Hunting sling     |       |       |       |       |       |   530 |   402 |   307 |    70 ||  1309
       Fustibalus        |       |       |       |       |       |       |       |   246 |   485 ||   731
Throw: Boomerang         |       |     2 |    12 |     4 |    20 |       |       |       |       ||    38
       Dart              |       |       |     4 |    17 |     6 |     3 |     1 |     8 |     1 ||    40
       Javelin           |       |       |       |     4 |       |       |       |       |       ||     4
       Throwing net      |       |       |       |     1 |     1 |       |       |       |       ||     2
Invok: Divine Shield     |       |       |       |     2 |       |     2 |     2 |     1 |     2 ||     9
       Summon Divine War |       |       |       |       |       |       |     7 |     2 |     2 ||    11
       Cleansing Flame   |       |       |       |       |       |       |     2 |       |     3 ||     5
       Brand Weapon With |       |       |       |       |       |       |       |     1 |       ||     1
Evoke: Wand              |       |       |     4 |    17 |       |     1 |       |       |     5 ||    27
       Box of beasts     |       |       |       |       |       |     1 |       |       |       ||     1
  Use: Scroll            |     1 |     3 |     6 |    16 |    12 |     6 |     5 |     6 |    17 ||    72
       Potion            |       |     1 |       |       |     1 |     3 |       |     1 |    13 ||    19
Armor: Scale mail        |    33 |    76 |    67 |    67 |       |       |       |       |       ||   243
       Chain mail        |       |       |       |   113 |   344 |   552 |   383 |   272 |       ||  1664
       Gold dragon scale |       |       |       |       |       |       |       |    69 |   509 ||   578
       Skin              |       |       |       |       |       |       |       |       |     3 ||     3
Dodge: Dodged            |    51 |    74 |    86 |   130 |   183 |   324 |   227 |   272 |   264 ||  1611
       Repelled          |       |       |       |     4 |       |    14 |    13 |    24 |    35 ||    90
Block: Buckler           |    21 |    35 |    27 |   168 |   305 |   505 |       |       |       ||  1061
       Reflection        |       |       |       |     5 |     7 |    24 |    68 |    39 |    63 ||   206
       Tower shield      |       |       |       |       |       |   191 |   984 |  1250 |  1443 ||  3868
